 Dungeon Crawl Stone Soup version 0.19.5 (webtiles) character file.

123 Goboxel the Slasher (level 4, -3/30 HPs)
             Began as a High Elf Gladiator on Mar 23, 2017.
             Slain by a worker ant (4 damage)
             ... on level 4 of the Dungeon.
             The game lasted 00:06:57 (2600 turns).

Goboxel the Slasher (High Elf Gladiator)            Turns: 2600, Time: 00:06:58

Health: -3/30      AC:  4    Str: 14    XL:     4   Next: 79%
Magic:  5/5        EV: 12    Int: 11    God:
Gold:   139        SH:  0    Dex: 17    Spells: 0 memorised, 3 levels left

rFire  . . .     SeeInvis .     a - +0 long sword
rCold  . . .     Gourm    .     b - +0 leather armour
rNeg   . . .     Faith    .     (no shield)
rPois  .         Spirit   .     c - +0 helmet
rElec  .         Reflect  .     (no cloak)
rCorr  .         Harm     .     (no gloves)
MR     .....                    (no boots)
Stlth  ++........               (no amulet)
                                (no ring)
                                g - -2 ring of evasion (curse)

@: lethally poisoned (-3 -> -16)
A: no striking features
a: no special abilities


You were on level 4 of the Dungeon.
You were hungry.

You visited 1 branch of the dungeon, and saw 4 of its levels.

You collected 139 gold pieces.

Inventory:

Hand Weapons
 a - a +0 long sword (weapon)
 p - a +0 great sword
Missiles
 d - 3 throwing nets (quivered)
Armour
 b - a +0 leather armour (worn)
 c - a +0 helmet (worn)
Jewellery
 g - a cursed -2 ring of evasion (left hand)
 n - an uncursed ring of ice
Scrolls
 m - 3 scrolls of remove curse {unknown}
 r - a scroll of magic mapping {unknown}
 s - a scroll of blinking {unknown}
Potions
 e - a potion of lignification
 i - a potion of haste
 k - a potion of heal wounds
 l - a potion of agility {unknown}
 o - a potion of might {unknown}
Comestibles
 f - 4 bread rations
 h - 2 meat rations
 j - a slice of pizza
 q - 2 chunks of flesh


   Skills:
 + Level 2.6 Fighting
 + Level 5.5 Long Blades
 - Level 2.0 Throwing
 + Level 4.1 Dodging
 + Level 1.2 Stealth


You had 3 spell levels left.
You didn't know any spells.

Dungeon Overview and Level Annotations

Branches:
Dungeon (4/15)
 Temple: D:4-7

Altars:
Elyvilon

Annotations:
D:3 1 runed door


Message History

You hit the worker ant.
The worker ant is severely wounded.
The worker ant bites you.
* * * LOW HITPOINT WARNING * * *
You hit the worker ant.
The worker ant is almost dead.
The worker ant bites you.
* * * LOW HITPOINT WARNING * * *
You are lethally poisoned!
The worker ant poisons you!
Unknown command.
Okay, then.
You hit the worker ant but do no damage.
The worker ant is almost dead.
* * * LOW HITPOINT WARNING * * *
You feel sick. The worker ant bites you.
* * * LOW HITPOINT WARNING * * *
You are more poisoned.
The worker ant poisons you! The worker ant bites you.
You die...

#..### #..#.)
#..#.# #..#.#
#.###..#.# #
........####.#####
#....la@..[....
#..<.o########.
#....(# ........#
####.......
#.....### #.#.###
#.#.# #.#.#


You could see a worker ant, an orc and a leopard gecko.

Vanquished Creatures
  Terence (D:2)
  A howler monkey skeleton (D:3)
  2 adders (D:2)
  An ooze (D:3)
  A worm (D:2)
  A dart slug (D:1)
  A leopard gecko (D:1)
  2 orcs (D:4)
  7 bats
  2 giant cockroaches
  11 hobgoblins
  4 jackals (D:3)
  3 quokkas
  2 frilled lizards
  4 goblins
  A kobold (D:3)
  11 rats
55 creatures vanquished.

Notes
Turn   | Place    | Note
-------+----------+-------------------------------------------
     0 | D:1      | Goboxel the High Elf Gladiator began the quest for the Orb.
     0 | D:1      | Reached XP level 1. HP: 14/14 MP: 2/2
   227 | D:1      | Reached XP level 2. HP: 17/19 MP: 3/3
   271 | D:1      | Reached skill level 4 in Long Blades
   809 | D:2      | Reached XP level 3. HP: 24/25 MP: 4/4
  1401 | D:2      | Noticed Terence
  1413 | D:2      | Killed Terence
  1413 | D:2      | Reached skill level 5 in Long Blades
  1413 | D:2      | Reached skill level 1 in Stealth
  1413 | D:2      | Reached XP level 4. HP: 25/30 MP: 5/5
  1892 | D:3      | Noticed an ogre
  2132 | D:3      | Found a white marble altar of Elyvilon.
  2132 | D:3      | Found a runed door.
  2132 | D:3      | Noticed an angel
  2466 | D:4      | Noticed an ogre
  2600 | D:4      | HP: 1/30 [worker ant (3)]
  2600 | D:4      | Slain by a worker ant

Skill      XL: |  1  2  3  4 |
---------------+-------------+-----
Long Blades    | 4 5 |  5.5
Stealth        | 1 |  1.2
Dodging        | 4 |  4.1
Fighting       | |  2.6
Throwing       | |  2.0

Action                   |  1- 3 |  4- 6 || total
-------------------------+-------+-------++-------
Melee: Long sword        |    82 |    97 ||   179
  Use: Scroll            |     2 |     2 ||     4
       Potion            |       |     1 ||     1
 Stab: Sleeping          |       |     1 ||     1
  Eat: Chunk             |     2 |     3 ||     5
Armor: Leather armour    |    29 |    31 ||    60
Dodge: Dodged            |    50 |    47 ||    97
       Rpst.: Long sword |    13 |    11 ||    24
